 Dungeon Crawl Stone Soup version 0.24-a0-115-gd155597 (console) character file.

Game seed: 11292609911964719544

54 Duffy the Chopper (level 3, -2/32 HPs)
             Began as a Naga Gladiator on Feb 16, 2019.
             Slain by a gnoll
             ... wielding a +1 dagger of chaos
              (6 damage)
             ... on level 2 of the Dungeon.
             The game lasted 00:01:27 (1536 turns).

Duffy the Chopper (Naga Gladiator)                  Turns: 1536, Time: 00:01:28

Health: -2/32      AC:  3    Str: 16    XL:     3   Next: 91%
Magic:  3/3        EV: 10    Int:  9    God:
Gold:   87         SH:  0    Dex: 12    Spells: 2/2 levels left

rFire    . . .     SeeInvis +   a - +0 war axe
rCold    . . .     Gourm    .   (no shield)
rNeg     . . .     Faith    .   b - +0 leather armour
rPois    +         Spirit   .   c - +0 helmet
rElec    .         Reflect  .   (no cloak)
rCorr    .         Harm     .   (no gloves)
MR       .....                  (no barding)
Stlth    +.........             (no amulet)
HPRegen  0.10/turn              (no ring)
MPRegen  0.08/turn              (no ring)

@: lethally poisoned (-2 -> -7), short of breath, very slow
A: large, see invisible, deformed body, poison resistance, slowness 2, slow
metabolism 1, spit poison 1, AC +1
a: Spit Poison


You were on level 2 of the Dungeon.
You were hungry.

You visited 1 branch of the dungeon, and saw 2 of its levels.

You collected 87 gold pieces.

Inventory:

Hand Weapons
 a - a +0 war axe (weapon)
Missiles
 d - 3 throwing nets (quivered)
Armour
 b - a +0 leather armour (worn)
 c - a +0 helmet (worn)
Scrolls
 g - 2 scrolls of identify {unknown}
 h - a scroll of enchant armour {unknown}
 n - a scroll of amnesia {unknown}
 o - a scroll of noise {unknown}
Potions
 e - 2 potions of berserk rage {unknown}
 i - a potion of agility {unknown}
 j - a potion of might {unknown}
 k - a potion of lignification {unknown}
 l - a potion of degeneration {unknown}
 m - a potion of heal wounds {unknown}
Comestibles
 f - 9 rations
 p - a chunk of flesh


   Skills:
 - Level 2.0 Fighting
 + Level 4.7 Axes
 - Level 1.7 Throwing
 - Level 2.4 Dodging


You had 2 spell levels left.
You didn't know any spells.
Your spell library was empty.

Dungeon Overview and Level Annotations

Branches:
Dungeon (2/15)

Altars:


Innate Abilities, Weirdness & Mutations

You cannot wear boots.
Your serpentine skin is tough. (AC +1)
You have supernaturally acute eyesight. (SInv)
Armour fits poorly on your strangely shaped body.
Your system is resistant to poisons. (rPois)
You cover ground very slowly.
You have a slow metabolism.
You can spit poison.


Message History

The gnoll burns you.
You can't do that yet.
You hit the gnoll but do no damage.
The gnoll is heavily wounded.
You have got your breath back.
The gnoll barely misses you. The gnoll completely misses you.
Press: ? - help, Shift-Dir - straight line, f - gnoll
Aim: a gnoll, wielding a +1 dagger of chaos (heavily wounded)
The splash of poison misses the gnoll.
You feel slightly more hungry.
You feel sick. The gnoll hits you but does no damage.
You hit the gnoll.
The gnoll is severely wounded.
You feel sick.
The gnoll hits you with a +1 dagger of chaos.
You barely miss the gnoll.
The gnoll is severely wounded.
You feel sick.
A worm comes into view.
The gnoll hits you with a +1 dagger of chaos.
You die...

# ##.###.#
##.. .... ..#
##. ###.# ###
## #####.###
# #.......# #
#.###.#.# ###
###.#
#.#.#######..
#...#
#............
#@#.#
###.#######..
#.# #g### #.#
##. #.# #.~
#.# #. #.#
.#.## ### #.
#.# #~..#~ ##
#.# . ~#.#. #
#.####### #w
.##}~ #
#.##....# }
.# ~ . #
#.##.#### #


You could see a worm (wandering) and a gnoll.

Vanquished Creatures
  A gnoll (D:2)
  An ooze (D:2)
  A worm (D:2)
  A leopard gecko (D:2)
  6 bats (D:1)
  5 giant cockroaches
  2 hobgoblins
  2 kobolds
  A ball python (D:2)
  3 frilled lizards
  7 goblins
  5 rats
35 creatures vanquished.

Notes
Turn   | Place    | Note
-------+----------+-------------------------------------------
     0 | D:1      | Duffy the Naga Gladiator began the quest for the Orb.
     0 | D:1      | Reached XP level 1. HP: 19/19 MP: 1/1
   329 | D:1      | Reached XP level 2. HP: 24/26 MP: 2/2
   619 | D:1      | Reached skill level 4 in Axes
   985 | D:2      | Reached XP level 3. HP: 29/32 MP: 3/3
  1536 | D:2      | Slain by a gnoll

Levels and vault maps discovered:
D:1:      nzn_arrival_water_spiral, layout_loops_corners,
          kennysheep_decorative_pillar
D:2:      layout_loops_corners, tgw_xom, first_ration

Skill      XL: |  1  2 |
---------------+-------+-----
Axes           | 4 |  4.7
Fighting       | |  2.0
Throwing       | |  1.7
Dodging        | |  2.4

Action                   || total
-------------------------++-------
Melee: War axe           ||    93
 Abil: Spit Poison       ||     4
  Eat: Chunk             ||     1
Armor: Leather armour    ||    41
Dodge: Dodged            ||    62

Table legend:
 A = Non-vault XP
 B = Vault XP
 C = Vault XP percentage of total XP
 D = Non-vault monster count
 E = Vault monster count
 F = Vault count percentage of total count
                 A         B        C        D         E       F
            +---------+---------+-------+---------+---------+-------
      Total |      60 |      18 |  23.1 |      32 |       3 |   8.6
            +---------+---------+-------+---------+---------+-------
        D:1 |      31 |       0 |   0.0 |      19 |       0 |   0.0
        D:2 |      29 |      18 |  38.3 |      13 |       3 |  18.8
            +---------+---------+-------+---------+---------+-------
